PL
ATHLETIC CLUB KC @ PANAMA CITY PIRANHAS
08/17/2027
 
TOP OF THE 1ST
Athletic Club KC batting - Pitching for Panama City Piranhas : LHP Pedro Alejándrez
Pitching: LHP Pedro Alejándrez
Batting: RHB Pil-joong Pak 0-0: Ball
1-0: Ball
2-0: Ground out 5-3 (Groundball, 56)
Batting: RHB Dong-min Cho 0-0: DOUBLE (Flyball, 7D)
Batting: RHB David Edwards 0-0: SINGLE (Line Drive, 7S)
Dong-min Cho to third
Runner from 3rd tries for Home, SAFE, no throw
Batting: SHB Pedro Vázquez 0-0: Ball
1-0: Foul Ball, location: 2F
1-1: Foul Ball, location: 2F
1-2: Strikes out swinging
Batting: RHB Dao-zi Dai 0-0: Called Strike
0-1: Swinging Strike
0-2: Ball
1-2: Strikes out swinging
Top of the 1st over - 1 run(s), 2 hit(s), 0 error(s), 1 left on base; Athletic Club KC 1 - Panama City 0
BOTTOM OF THE 1ST
Panama City Piranhas batting - Pitching for Athletic Club KC : RHP Juan Torres
Pitching: RHP Juan Torres
Batting: LHB Herman Hayes 0-0: Foul Ball, location: 2F
0-1: Swinging Strike
0-2: Fly out, F7 (Flyball, 78D)
Batting: RHB Cale Sutton 0-0: Ball
1-0: Ball
2-0: Called Strike
2-1: Fly out, F8 (Flyball, 8RS)
Batting: RHB Baldomero Avino 0-0: Ball
1-0: Foul Ball, location: 2F
1-1: Ball
2-1: DOUBLE (Flyball, 78XD)
Batting: RHB Raúl Ortíz 0-0: Called Strike
0-1: SINGLE (Line Drive, 7LS)
Baldomero Avino to third
Batting: RHB Juan Jose Ayala 0-0: Called Strike
0-1: Ball
Wild Pitch!
Baldomero Avino scores
Raúl Ortíz to second
1-1: Called Strike
1-2: 2-RUN HOME RUN (Flyball, 7D), Distance : 359 ft
Batting: LHB Sergio Muńóz 0-0: Ball
1-0: Ball
2-0: Foul Ball, location: 2F
2-1: SINGLE (Line Drive, 6MD)
Batting: LHB Robert Adams 0-0: Called Strike
0-1: Called Strike
0-2: Ball
Wild Pitch!
Sergio Muńóz to second
1-2: SINGLE (Groundball, 34D)
Sergio Muńóz to third
Runner from 3rd tries for Home, SAFE, no throw
Batting: RHB Fernando Silva 0-0: Called Strike
0-1: Ball
1-1: Called Strike
1-2: Ball
2-2: Strikes out swinging
Bottom of the 1st over - 4 run(s), 5 hit(s), 0 error(s), 1 left on base; Athletic Club KC 1 - Panama City 4
TOP OF THE 2ND
Athletic Club KC batting - Pitching for Panama City Piranhas : LHP Pedro Alejándrez
Batting: RHB Todd Blake 0-0: Called Strike
0-1: Ground out 5-3 (Groundball, 56)
Batting: SHB Fernando Luna 0-0: Ball
1-0: Ball
2-0: Called Strike
2-1: Called Strike
2-2: Ball
3-2: Strikes out looking
Batting: SHB Eric Moore 0-0: Called Strike
0-1: Foul Ball, location: 2F
0-2: Strikes out looking
Top of the 2nd over - 0 run(s), 0 hit(s), 0 error(s), 0 left on base; Athletic Club KC 1 - Panama City 4
BOTTOM OF THE 2ND
Panama City Piranhas batting - Pitching for Athletic Club KC : RHP Juan Torres
Batting: SHB Tsing Guao 0-0: Ball
1-0: Ball
2-0: Foul Ball, location: 2F
2-1: Ball
3-1: Foul Ball, location: 2F
3-2: Fly out, F9 (Flyball, 89S)
Batting: LHB Herman Hayes 0-0: Fly out, F7 (Flyball, 78S)
Batting: RHB Cale Sutton 0-0: Called Strike
0-1: Ball
1-1: Ball
2-1: Foul Ball, location: 2F
2-2: Foul Ball, location: 2F
2-2: Ball
3-2: SINGLE (Groundball, 6MD)
Batting: RHB Baldomero Avino 0-0: Foul Ball, location: 2F
0-1: Called Strike
0-2: Fly out, F7 (Line Drive, 78M)
Bottom of the 2nd over - 0 run(s), 1 hit(s), 0 error(s), 1 left on base; Athletic Club KC 1 - Panama City 4
TOP OF THE 3RD
Athletic Club KC batting - Pitching for Panama City Piranhas : LHP Pedro Alejándrez
Batting: RHB Rick Atkinson 0-0: Ball
1-0: Ball
2-0: Ball
3-0: Base on Balls
Batting: RHB Pil-joong Pak 0-0: Called Strike
0-1: Fly out, F7 (Flyball, 7S)
Batting: RHB Dong-min Cho 0-0: SINGLE (Flyball, 7LM)
Rick Atkinson to second
Rick Atkinson to third
Batting: RHB David Edwards 0-0: Ball
1-0: Ball
2-0: Ball
3-0: Base on Balls
Dong-min Cho to second
Batting: SHB Pedro Vázquez 0-0: Called Strike
0-1: Foul Ball, location: 2F
0-2: Ball
1-2: Strikes out swinging
Batting: RHB Dao-zi Dai 0-0: Ball
1-0: Called Strike
1-1: Called Strike
1-2: Foul Ball, location: 2F
1-2: Foul Ball, location: 2F
1-2: Foul Ball, location: 2F
1-2: Foul Ball, location: 2F
1-2: Foul Ball, location: 2F
1-2: Foul Ball, location: 2F
1-2: Strikes out swinging
Top of the 3rd over - 0 run(s), 1 hit(s), 0 error(s), 3 left on base; Athletic Club KC 1 - Panama City 4
BOTTOM OF THE 3RD
Panama City Piranhas batting - Pitching for Athletic Club KC : RHP Juan Torres
Batting: RHB Raúl Ortíz 0-0: Called Strike
0-1: Ball
1-1: Ball
2-1: SINGLE (Line Drive, 4M)
Batting: RHB Juan Jose Ayala 0-0: Ball
1-0: Called Strike
1-1: Foul Ball, location: 2F
1-2: Ball
2-2: Grounds into double play, 4-6-3 (Groundball, 4)
Batting: LHB Sergio Muńóz 0-0: Called Strike
0-1: Ground out 3-1 (Groundball, 34)
Bottom of the 3rd over - 0 run(s), 1 hit(s), 0 error(s), 0 left on base; Athletic Club KC 1 - Panama City 4
TOP OF THE 4TH
Athletic Club KC batting - Pitching for Panama City Piranhas : LHP Pedro Alejándrez
Batting: RHB Todd Blake 0-0: Ball
1-0: Called Strike
1-1: Swinging Strike
1-2: Ball
2-2: Foul Ball, location: 2F
2-2: Foul Ball, location: 2F
2-2: Strikes out swinging
Batting: SHB Fernando Luna 0-0: Ball
1-0: Swinging Strike
1-1: Ball
2-1: DOUBLE (Flyball, 8LXD)
Batting: SHB Eric Moore 0-0: Called Strike
0-1: Foul Ball, location: 2F
0-2: Ball
1-2: Ball
2-2: Strikes out looking
Batting: RHB Rick Atkinson 0-0: Called Strike
0-1: Swinging Strike
0-2: Strikes out swinging
Top of the 4th over - 0 run(s), 1 hit(s), 0 error(s), 1 left on base; Athletic Club KC 1 - Panama City 4
BOTTOM OF THE 4TH
Panama City Piranhas batting - Pitching for Athletic Club KC : RHP Juan Torres
Batting: LHB Robert Adams 0-0: Called Strike
0-1: Ball
1-1: Ball
2-1: Ball
3-1: Base on Balls
Batting: RHB Fernando Silva 0-0: Foul Ball, location: 2F
0-1: Ball
1-1: Foul Ball, location: 2F
1-2: Strikes out swinging
Batting: SHB Tsing Guao 0-0: Ball
1-0: Ball
2-0: Ball
3-0: Called Strike
3-1: Fly out, F8 (Flyball, 8LD)
Runner from 1st tags up, OUT at 2nd
Bottom of the 4th over - 0 run(s), 0 hit(s), 0 error(s), 0 left on base; Athletic Club KC 1 - Panama City 4
TOP OF THE 5TH
Athletic Club KC batting - Pitching for Panama City Piranhas : LHP Pedro Alejándrez
Batting: RHB Pil-joong Pak 0-0: Foul Ball, location: 2F
0-1: Ball
1-1: Fly out, F8 (Line Drive, 8LD)
Batting: RHB Dong-min Cho 0-0: Ball
1-0: Ball
2-0: TRIPLE (Line Drive, 8RM)
Batting: RHB David Edwards 0-0: Ball
1-0: Ground out 1-3 (Groundball, 13)
Batting: SHB Pedro Vázquez 0-0: Swinging Strike
0-1: Called Strike
0-2: Foul Ball, location: 2F
0-2: Ball
1-2: Ball
2-2: Strikes out swinging, 2-3 out at first.
Top of the 5th over - 0 run(s), 1 hit(s), 0 error(s), 1 left on base; Athletic Club KC 1 - Panama City 4
BOTTOM OF THE 5TH
Panama City Piranhas batting - Pitching for Athletic Club KC : RHP Juan Torres
Batting: LHB Herman Hayes 0-0: Ball
1-0: Foul Ball, location: 2F
1-1: Fly out, F9 (Flyball, 9D)
Batting: RHB Cale Sutton 0-0: Ball
1-0: Ground out U3 (Groundball, 34)
Batting: RHB Baldomero Avino 0-0: Fly out, F9 (Flyball, 9)
Bottom of the 5th over - 0 run(s), 0 hit(s), 0 error(s), 0 left on base; Athletic Club KC 1 - Panama City 4
TOP OF THE 6TH
Athletic Club KC batting - Pitching for Panama City Piranhas : LHP Pedro Alejándrez
Batting: RHB Dao-zi Dai 0-0: Called Strike
0-1: SINGLE (Groundball, 6MD)
Batting: RHB Todd Blake 0-0: Sac Bunt - play at first, batter OUT! 1-3
Dao-zi Dai to second
Batting: SHB Fernando Luna 0-0: Ball
1-0: Fly out, F7 (Flyball, 78D)
Batting: SHB Eric Moore 0-0: Swinging Strike
0-1: Ball
1-1: Foul Ball, location: 2F
1-2: Ball
2-2: Foul Ball, location: 2F
2-2: Foul Ball, location: 2F
2-2: SINGLE (Line Drive, 89S)
Dao-zi Dai to third
Throwing error, E9
Dao-zi Dai scores
Eric Moore to second
Batting: RHB Rick Atkinson 0-0: Ball
1-0: Fly out, F8 (Flyball, 8LD)
Top of the 6th over - 1 run(s), 2 hit(s), 1 error(s), 1 left on base; Athletic Club KC 2 - Panama City 4
BOTTOM OF THE 6TH
Panama City Piranhas batting - Pitching for Athletic Club KC : RHP Juan Torres
Batting: RHB Raúl Ortíz 0-0: Ball
1-0: Called Strike
1-1: Swinging Strike
1-2: Ground out 4-3 (Groundball, 4)
Batting: RHB Juan Jose Ayala 0-0: Ball
1-0: Ground out 3-1 (Groundball, 34)
Batting: LHB Sergio Muńóz 0-0: Ground out 6-3 (Groundball, 6)
Bottom of the 6th over - 0 run(s), 0 hit(s), 0 error(s), 0 left on base; Athletic Club KC 2 - Panama City 4
TOP OF THE 7TH
Athletic Club KC batting - Pitching for Panama City Piranhas : LHP Pedro Alejándrez
Batting: RHB Pil-joong Pak 0-0: Ball
1-0: Foul Ball, location: 2F
1-1: Foul Ball, location: 2F
1-2: Strikes out swinging
Pitching: RHP Anderson O'Mara
Batting: RHB Dong-min Cho 0-0: SINGLE (Line Drive, 6)
Batting: RHB David Edwards 0-0: Swinging Strike
0-1: Foul Ball, location: 2F
0-2: Strikes out swinging
Batting: SHB Pedro Vázquez 0-0: Ball
1-0: DOUBLE (Flyball, 8RXD)
Dong-min Cho to third
Runner from 3rd tries for Home, SAFE, no throw
Batting: RHB Dao-zi Dai 0-0: Called Strike
0-1: Ball
1-1: SINGLE (Flyball, 89S)
Pedro Vázquez to third
Runner from 3rd tries for Home, SAFE, no throw
Pitching: RHP Edgardo Nava
Pinch Hitting: LHB Michael Neely 0-0: Foul Ball, location: 2F
0-1: Ball
1-1: Foul Ball, location: 2F
1-2: Fielders Choice at 2nd, 5-4 (Groundball, 56)
Top of the 7th over - 2 run(s), 3 hit(s), 0 error(s), 0 left on base; Athletic Club KC 4 - Panama City 4
BOTTOM OF THE 7TH
Panama City Piranhas batting - Pitching for Athletic Club KC : RHP Juan Torres
Now at 1B: Michael Neely
Batting: LHB Robert Adams 0-0: Ball
1-0: Ball
2-0: Ball
3-0: Called Strike
3-1: SINGLE (Flyball, 8LS)
Batting: RHB Fernando Silva 0-0: Ball
1-0: Ball
2-0: Ball
3-0: Called Strike
3-1: Fly out, F8 (Flyball, 8LM)
Batting: SHB Tsing Guao 0-0: Ball
1-0: Ball
2-0: Called Strike
2-1: Fly out, F8 (Flyball, 8RM)
Batting: LHB Herman Hayes 0-0: Ball
1-0: Called Strike
1-1: Swinging Strike
1-2: Strikes out swinging
Bottom of the 7th over - 0 run(s), 1 hit(s), 0 error(s), 1 left on base; Athletic Club KC 4 - Panama City 4
TOP OF THE 8TH
Athletic Club KC batting - Pitching for Panama City Piranhas : RHP Edgardo Nava
Batting: SHB Fernando Luna 0-0: Ball
1-0: SINGLE (Line Drive, 8RS)
Batting: SHB Eric Moore 0-0: Bunted foul
0-1: Ball
1-1: Ball
2-1: Sac Bunt - play at second, runner OUT! 1-6
Batting: RHB Rick Atkinson 0-0: Called Strike
0-1: Called Strike
0-2: Foul Ball, location: 2F
0-2: Ball
1-2: Ball
2-2: Strikes out swinging
Batting: RHB Pil-joong Pak 0-0: Called Strike
0-1: Called Strike
0-2: SINGLE (Groundball, 56S) (infield hit)
Eric Moore to second
Batting: RHB Dong-min Cho 0-0: Fielders Choice at 2nd, 6-4 (Groundball, 6)
Top of the 8th over - 0 run(s), 2 hit(s), 0 error(s), 1 left on base; Athletic Club KC 4 - Panama City 4
BOTTOM OF THE 8TH
Panama City Piranhas batting - Pitching for Athletic Club KC : RHP Juan Torres
Batting: RHB Cale Sutton 0-0: Ball
1-0: Called Strike
1-1: Ball
2-1: Called Strike
2-2: Ball
3-2: Base on Balls
Pitching: RHP Ole Kos
Batting: RHB Baldomero Avino 0-0: Ball
1-0: Called Strike
1-1: Grounds into double play, 6-4-3 (Groundball, 6)
Batting: RHB Raúl Ortíz 0-0: Ground out 4-3 (Groundball, 4)
Bottom of the 8th over - 0 run(s), 0 hit(s), 0 error(s), 0 left on base; Athletic Club KC 4 - Panama City 4
TOP OF THE 9TH
Athletic Club KC batting - Pitching for Panama City Piranhas : RHP Edgardo Nava
Pitching: RHP Edgardo Marín
Batting: RHB David Edwards 0-0: Called Strike
0-1: Hit by Pitch
Batting: SHB Pedro Vázquez 0-0: DOUBLE (Line Drive, 9LS)
David Edwards to third
Pinch Hitting: RHB Ramón Souza 0-0: DOUBLE (Line Drive, 7LM)
David Edwards scores
Pedro Vázquez scores
Pitching: RHP Tobías Pérez
Batting: LHB Michael Neely 0-0: Called Strike
0-1: Ball
1-1: Ball
2-1: Foul Ball, location: 2F
2-2: Foul Ball, location: 2F
2-2: Ball
3-2: Foul Ball, location: 2F
3-2: Base on Balls
Batting: SHB Fernando Luna 0-0: Foul Ball, location: 2F
0-1: Foul Ball, location: 2F
0-2: Ground out 3-1 (Groundball, 34S)
Ramón Souza to third
Michael Neely to second
Batting: SHB Eric Moore 0-0: Ball
1-0: Ball
2-0: Called Strike
2-1: Foul Ball, location: 2F
2-2: Ground out 4-3 (Groundball, 34)
Batting: RHB Rick Atkinson 0-0: SINGLE (Groundball, 6MD)
Ramón Souza scores
Michael Neely to third
Runner from 3rd tries for Home, SAFE, no throw
Batting: RHB Pil-joong Pak 0-0: Called Strike
0-1: Ball
1-1: Foul Ball, location: 2F
1-2: Foul Ball, location: 2F
1-2: Ball
2-2: Ball
3-2: SINGLE (Line Drive, 8LS)
Rick Atkinson to second
Rick Atkinson to third
Batting: RHB Dong-min Cho 0-0: Ball
1-0: Ball
2-0: Ball
3-0: Base on Balls
Pil-joong Pak to second
Pitching: RHP Valentín Montenegro
Batting: RHB David Edwards 0-0: Ball
1-0: Ball
2-0: Ball
3-0: Base on Balls
Rick Atkinson scores
Pil-joong Pak to third
Dong-min Cho to second
Batting: SHB Pedro Vázquez 0-0: Ball
1-0: Ball
2-0: Ball
3-0: Foul Ball, location: 2F
3-1: Base on Balls
Pil-joong Pak scores
Dong-min Cho to third
David Edwards to second
Batting: RHB Ramón Souza 0-0: Called Strike
0-1: Swinging Strike
0-2: Strikes out looking
Top of the 9th over - 6 run(s), 4 hit(s), 0 error(s), 3 left on base; Athletic Club KC 10 - Panama City 4
BOTTOM OF THE 9TH
Panama City Piranhas batting - Pitching for Athletic Club KC : RHP Ole Kos
Now at C: Yoshifumi Sato
Batting: RHB Juan Jose Ayala 0-0: Called Strike
0-1: Ball
1-1: Ball
2-1: Foul Ball, location: 2F
2-2: Strikes out swinging
Batting: LHB Sergio Muńóz 0-0: Called Strike
0-1: Ball
1-1: Ball
2-1: Ground out U3 (Groundball, 3L)
Batting: LHB Robert Adams 0-0: Foul Ball, location: 2F
0-1: Ball
1-1: Fly out, F7 (Flyball, 78M)
Bottom of the 9th over - 0 run(s), 0 hit(s), 0 error(s), 0 left on base; Athletic Club KC 10 - Panama City 4
Saturday, May 26th, 2018 - OOTP Baseball 17.12 Build 75